 Dungeon Sprint DCSS version 0.29.1-12-g30fa7ad0bf (webtiles) character file.

Game seed: 17024009570246541761

361 boopmooplesden the Cruncher (level 6, -3/57 HPs)
             Began as a Minotaur Gladiator on Dec 19, 2022.
             Was a Follower of Trog.
             Killed from afar by a burning bush (11 damage)
             ... with a puff of flame
             ... in the Dungeon (Sprint IV: "Fedhas' Mad Dash").
             The game lasted 00:02:06 (1453 turns).

boopmooplesden the Cruncher (Minotaur Gladiator)    Turns: 1453, Time: 00:02:06

Health: -3/57      AC:  3    Str: 21    XL:     6   Next: 38%
Magic:  5/5        EV: 14    Int:  5    God:    Trog [*.....]
Gold:   117        SH:  0    Dex: 11    Spells: 5/5 levels left

rFire   . . .      SeeInvis .   a - +0 quarterstaff
rCold   . . .      Faith    .   (shield currently unavailable)
rNeg    . . .      Spirit   .   b - +0 leather armour
rPois   .          Reflect  .   c - +0 hat
rElec   .          Harm     .   (no cloak)
rCorr   .          Rampage  .   (no gloves)
Will    .....      NoTele   +   (no boots)
Stlth   ++........              f - amulet of invisibility {+Inv}
HPRegen 0.19/turn               (no ring)
MPRegen 0.09/turn               (no ring)

@: on berserk cooldown, slowed, very slow
A: horns 2, retaliatory headbutt
a: Renounce Religion, Evoke Invisibility, Berserk


You were in the Dungeon.
You worshipped Trog.
Trog was aware of your devotion.
You visited 1 branch You collected 117 gold pieces.

Inventory:

Hand Weapons
 a - a +0 quarterstaff (weapon)
Missiles
 d - 3 throwing nets (quivered)
 e - a javelin
Armour
 b - a +0 leather armour (worn)
 c - a +0 hat (worn)
Jewellery
 f - the amulet of invisibility (around neck) {+Inv}
   (You found it in the Dungeon)

   [amulet of nothing]

   +Inv:      It lets you turn invisible.
Scrolls
 m - a scroll of enchant weapon {unknown}
Potions
 h - a potion of haste
 i - 2 potions of magic
 k - a potion of degeneration {unknown}
 l - a potion of lignification {unknown}


   Skills:
 + Level 5.9 Fighting
 + Level 9.8 Staves
 + Level 3.4 Throwing
 + Level 3.5 Armour
 + Level 7.7 Dodging
 + Level 4.9 Stealth
 + Level 3.7 Evocations


You had 5 spell levels left.
You didn't know any spells.
Your spell library was empty.

Dungeon Overview and Level Annotations

Branches:
Dungeon (1/1)

Altars:
Cheibriados
Dithmenos
Elyvilon
Gozag
Hepliaklqana
Kikubaaqudgha
Makhleb
Nemelex Xobeh
Okawaru
Qazlal
Ru
Sif Muna
Trog
Uskayaw
Vehumet
Wu Jian
Xom
Yredelemnul
Zin
The Shining One
Jiyva
Lugonu

Shops:
D ((


Innate Abilities, Weirdness & Mutations

You have a pair of horns on your head.
You reflexively headbutt those who attack you in melee.


Message History

You hit the scorpion but do no damage. The scorpion misses you.
The burning bush throws fire at you. The puff of flame hits you.
The scorpion stings you.
You are poisoned.
The scorpion poisons you! The scorpion misses you.
There is an open door here.
You bump into the stone wall.
You feel less confused.
You feel very sick. The scorpion misses you. The scorpion barely misses you.
You furiously retaliate!
You headbutt the scorpion. The scorpion attacks as you move away!
The scorpion stings you.
You feel very sick. The scorpion stings you.
* * * LOW HITPOINT WARNING * * *
The scorpion attacks as you move away! The scorpion closely misses you.
You feel sick.
There is an open door here.
You hit the scorpion.
The scorpion is moderately wounded.
You feel sick. The scorpion stings you.
* * * LOW HITPOINT WARNING * * *
The scorpion misses you.
You feel much better.
You feel sick. The scorpion stings you.
The scorpion stings you but does no damage.
You sock the scorpion!
The scorpion is heavily wounded.
You feel sick.
You are no longer poisoned.
The scorpion stings you.
You sock the scorpion!
You kill the scorpion!
Trog accepts your kill. The burning bush throws fire at you.
The puff of flame hits you!
* * * LOW HITPOINT WARNING * * *
The burning bush throws fire at you. The puff of flame hits you!
You die...

######################
._._._.⌠.#.))...#....#
_._._._..'..#...#...P+
._._._...#..###'##.))#
_._._._..#..##∩∩@'f.f#
._._._.⌠.#############
##########


You could see 2 wandering mushrooms and a burning bush.

Vanquished Creatures
  3 scorpions (D)
  4 oklob saplings (D)
  2 spriggans (D)
  A river rat (D)
  A rat (D)
11 creatures vanquished.

Notes
Turn   | Place    | Note
-------+----------+-------------------------------------------
     0 | D        | boopmooplesden the Minotaur Gladiator began the quest for
                  | the Orb.
     0 | D        | Reached XP level 1. HP: 18/18 MP: 0/0
     8 | D        | Reached skill level 4 in Staves
     8 | D        | Reached XP level 2. HP: 22/25 MP: 1/1
   250 | D        | Noticed a scorpion
   250 | D        | Found the amulet of invisibility {+Inv}
   259 | D        | Killed a scorpion
   260 | D        | Reached skill level 6 in Staves
   260 | D        | Reached skill level 1 in Armour
   260 | D        | Reached XP level 3. HP: 4/33 MP: 2/2
   435 | D        | Noticed an oklob sapling
   440 | D        | Killed an oklob sapling
   441 | D        | Reached skill level 7 in Staves
   441 | D        | Reached XP level 4. HP: 41/41 MP: 0/3
   494 | D        | Reached skill level 1 in Stealth
   620 | D        | Found an opulent altar of Gozag.
   620 | D        | Found a hazy altar of Hepliaklqana.
   620 | D        | Found a snail-covered altar of Cheibriados.
   624 | D        | Found a viscous altar of Jiyva.
   624 | D        | Found a burning altar of Makhleb.
   624 | D        | Found a sparkling altar of Nemelex Xobeh.
   624 | D        | Found a sacrificial altar of Ru.
   624 | D        | Found a shimmering blue altar of Sif Muna.
   624 | D        | Found a bloodstained altar of Trog.
   624 | D        | Found an ornate altar of the Wu Jian Council.
   624 | D        | Found a shimmering altar of Xom.
   624 | D        | Found a basalt altar of Yredelemnul.
   625 | D        | Found an iron altar of Okawaru.
   625 | D        | Found a shadowy altar of Dithmenos.
   625 | D        | Found a glowing silver altar of Zin.
   626 | D        | Found an ancient bone altar of Kikubaaqudgha.
   626 | D        | Found a hide-covered altar of Uskayaw.
   627 | D        | Found a stormy altar of Qazlal.
   627 | D        | Found a white marble altar of Elyvilon.
   627 | D        | Found a glowing golden altar of the Shining One.
   628 | D        | Found a corrupted altar of Lugonu.
   628 | D        | Found a radiant altar of Vehumet.
   640 | D        | Reached skill level 5 in Fighting
   640 | D        | Reached skill level 8 in Staves
   640 | D        | Reached skill level 1 in Evocations
   640 | D        | Reached XP level 5. HP: 25/48 MP: 2/4
   642 | D        | Became a worshipper of Trog the Wrathful
   930 | D        | Reached * piety under Trog
   931 | D        | Reached skill level 9 in Staves
   935 | D        | Reached XP level 6. HP: 31/56 MP: 5/5
  1419 | D        | Found Hearito's Weapon Shop.
  1420 | D        | Found Sasiwico's Weapon Emporium.
  1427 | D        | Noticed a burning bush
  1427 | D        | Noticed a wandering mushroom
  1428 | D        | Noticed a wandering mushroom
  1453 | D        | Killed from afar by a burning bush

Illustrated notes

Levels and vault maps discovered:
D:        dungeon_sprint_fedhas [sprint_temple]

Skill      XL: |  1  2  3  4  5 |
---------------+----------------+-----
Staves         | 4 6 7 8 9 |  9.8
Dodging        | 4 6 7 |  7.7
Fighting       | 4 5 |  5.9
Armour         | 1 2 3 |  3.5
Throwing       | 3 |  3.4
Stealth        | 2 4 |  4.9
Evocations     | 1 3 |  3.7

Action                   |  1- 3 |  4- 6 || total
-------------------------+-------+-------++-------
Melee: Quarterstaff      |    19 |    29 ||    48
       Headbutt          |     2 |     6 ||     8
Invok: Berserk           |       |     1 ||     1
 Abil: Evoke Invisibilit |     1 |     3 ||     4
  Use: Scroll            |     1 |       ||     1
       Potion            |     1 |     2 ||     3
 Stab: Invisible         |     1 |     5 ||     6
       Sleeping          |     1 |     1 ||     2
Armor: Leather armour    |     5 |     3 ||     8
Dodge: Dodged            |     7 |    16 ||    23
